 Dungeon Crawl Stone Soup version 0.23-a0-4-g8f018a2 (webtiles) character file.

12241 Kuinu the Arsonist (level 11, -8/74 HPs)
             Began as a Pale Draconian Fire Elementalist on July 31, 2018.
             Was a High Priest of Vehumet.
             Mangled by a white ugly thing (28 damage)
             ... on level 11 of the Dungeon.
             The game lasted 00:47:25 (14502 turns).

Kuinu the Arsonist (DrFE)                          Turns: 14502, Time: 00:47:28

Health: -8/74      AC: 13    Str: 10    XL:     11   Next: 59%
Magic:  13/23      EV: 12    Int: 19    God:    Vehumet [*****.]
Gold:   601        SH:  0    Dex: 12    Spells: 13/26 levels left

rFire    . . .     SeeInvis .   Q - +2 trident (flame)
rCold    . . .     Gourm    .   (no shield)
rNeg     . . .     Faith    .   (armour unavailable)
rPois    .         Spirit   .   (helmet restricted)
rElec    .         Reflect  .   L - +0 cloak
rCorr    .         Harm     .   w - +1 pair of gloves
MR       .....                  (no boots)
Stlth    ++........             (no amulet)
HPRegen  0.22/turn              y - ring of wizardry
MPRegen  0.18/turn              B - +3 ring of protection

@: slowed, very slow
A: breathe steam, unfitting armour, cold-blooded, AC +7
a: Breathe Steam, Renounce Religion


You were on level 11 of the Dungeon.
You worshipped Vehumet.
Vehumet was extremely pleased with you.
You were hungry.

You visited 1 branch of the dungeon, and saw 11 of its levels.
You also visited: Sewer.

You collected 601 gold pieces.

Inventory:

Hand Weapons
 n - a +1 falchion of electrocution
 C - a +2 flail of protection
 H - a +4 long sword
 I - a +3 dire flail
 K - a +3 quarterstaff of chaos
 N - a +1 falchion of slicing
 Q - a +2 trident of flaming (weapon)
 R - a +1 glaive
 S - a cursed +3 short sword
Armour
 w - a +1 pair of gloves (worn)
 L - a +0 cloak (worn)
Jewellery
 q - an uncursed ring of protection from magic
 y - a ring of wizardry (left hand)
 A - an uncursed ring of resist corrosion
 B - a +3 ring of protection (right hand)
 D - a +2 ring of protection
 W - an uncursed ring of ice
Wands
 a - a wand of polymorph (9)
 e - a wand of flame (19)
 i - a wand of random effects (18)
 G - a wand of scattershot (6)
 M - a wand of enslavement (12)
 T - a wand of acid (8)
Scrolls
 c - 2 scrolls of noise {unknown}
 d - a scroll of magic mapping {unknown}
 h - 2 scrolls of amnesia {unknown}
 k - 9 scrolls of remove curse
 l - a scroll of fear
 m - 5 scrolls of teleportation
 r - 2 scrolls of blinking {unknown}
 x - 3 scrolls of immolation {unknown}
 O - 2 scrolls of identify
 V - a scroll of enchant weapon {unknown}
Potions
 f - 4 potions of agility
 g - a potion of resistance
 j - 4 potions of mutation
 o - 2 potions of lignification
 p - a potion of degeneration
 s - 2 potions of magic
 t - a potion of heal wounds {unknown}
 v - a potion of cancellation {unknown}
 z - a potion of berserk rage {unknown}
 E - 2 potions of haste {unknown}
 F - 2 potions of brilliance {unknown}
 J - a potion of might {unknown}
 P - 3 potions of ambrosia {unknown}
Comestibles
 b - 24 rations


   Skills:
 - Level 1.7 Dodging
 - Level 1.7 Stealth
 + Level 8.0 Spellcasting
 * Level 11.7 Conjurations
 * Level 12.9 Fire Magic


You had 13 spell levels left.
You knew the following spells:

 Your Spells              Type           Power        Failure   Level  Hunger
a - Flame Tongue          Conj/Fire      #####        1%          1    None
b - Conjure Flame         Conj/Fire      ######..     1%          3    None
c - Sticky Flame          Conj/Fire      ######..     1%          4    ###....
d - Fireball              Conj/Fire      ######....   1%          5    #####..

Your spell library contained the following spells:

 Spells                   Type           Power        Failure   Level  Hunger
 Throw Flame              Conj/Fire      ######       1%          2    None
 Inner Flame              Hex/Fire       ####....     1%          3    None


Dungeon Overview and Level Annotations

Branches:
Dungeon (11/15)            Temple (0/1) D:7            Lair (0/6) D:10
    Orc (0/2) D:9

Altars:
Dithmenos
Gozag
Kikubaaqudgha
Okawaru
Qazlal
Ru
Sif Muna
Uskayaw
Vehumet

Shops:
D:9 *

Annotations:
D:3 2 transporters
D:5 2 transporters


Innate Abilities, Weirdness & Mutations

You can breathe blasts of scalding, opaque steam.
Your pale cyan-grey scales are hard. (AC +7)
You cannot fit into any form of body armour.
You are cold-blooded and may be slowed by cold attacks.


Message History

Aim: a white ugly thing (flame)
The sticky flame hits the white ugly thing.
The white ugly thing is lightly wounded.
The white ugly thing is covered in liquid flames!
The white ugly thing burns!
The white ugly thing is engulfed in blazing flames.
The white ugly thing kicks you. The white ugly thing freezes you!!
You feel yourself slow down.
* * * LOW HITPOINT WARNING * * *
You feel better.
The white ugly thing burns! x2
The white ugly thing is engulfed in blazing flames.
The white ugly thing closely misses you.
You feel better.
You feel yourself speed up.
The white ugly thing burns!
The white ugly thing is engulfed in blazing flames.
The white ugly thing kicks you.
* * * LOW HITPOINT WARNING * * *
The white ugly thing freezes you!!
You feel yourself slow down.
You die...

#.......# ##########
######.......#
#.........
##....'....)..#
#.........
#)[####.......#
#......... #.##
#.......# #<........
<)# #.......#
#......... ###
#.......####.........
#
#.......##.u.........
#.......+.@#.........
#.......####.........
#.......# ##########
###'##### #..## ##..#
##.# #.# ######'##
#.....>.[.


You could see a white ugly thing (burning).

Vanquished Creatures
  Erolcha (D:11)
  3 two-headed ogres
  2 unseen horrors (D:11)
  Pikel (D:4)
  2 hornets (D:9)
  2 hippogriffs (D:10)
  Grinder (D:6)
  A meliai zombie (D:11)
  Sigmund (D:5)
  Eustachio (D:5)
  Grum (D:7)
  4 yaks
  A basilisk (D:10)
  A wyvern (D:9)
  2 hungry ghosts
  Menkaure (D:5)
  2 water moccasins
  Edmund (D:5)
  2 soldier ants
  4 orc warriors
  2 ice beasts
  A sky beast (D:9)
  A black bear (D:7)
  A slave (D:4)
  A phantom (D:7)
  6 ogres
  4 wolves (D:7)
  A centaur (D:7)
  A big kobold (D:10)
  2 bullfrogs
  10 killer bees
  11 wights
  8 howler monkeys
  A crimson imp (D:7)
  A jelly (D:5)
  4 orc priests
  8 hounds
  A centaur zombie (D:7)
  Crazy Yiuf (D:6)
  3 centaur skeletons
  3 iguanas
  7 worker ants
  9 orc wizards
  Ijyb (D:4)
  A killer bee zombie (D:5)
  2 hound zombies
  A hound skeleton (D:7)
  Robin (D:2)
  3 gnolls (D:8)
  15 adders
  A shadow imp (D:9)
  An ooze (D:6)
  2 adder zombies
  5 worms
  2 dart slugs (D:2)
  8 leopard geckos
  41 orcs
  4 ball pythons
  10 giant cockroaches
  13 goblins
  7 hobgoblins
  11 jackals
  20 kobolds
  6 quokkas
  A ball python skeleton (D:5)
  5 bats
  9 frilled lizards
  A jackal skeleton (D:5)
  5 rats
297 creatures vanquished.

Vanquished Creatures (others)
  An adder (D:4)
1 creature vanquished.

Grand Total: 298 creatures vanquished

Notes
Turn   | Place    | Note
-------+----------+-------------------------------------------
     0 | D:1      | Kuinu the Draconian Fire Elementalist began the quest for the Orb.
     0 | D:1      | Reached XP level 1. HP: 14/14 MP: 3/3
   160 | D:1      | Reached XP level 2. HP: 17/20 MP: 1/5
   980 | D:2      | Reached XP level 3. HP: 26/26 MP: 3/6
   985 | D:2      | Learned a level 3 spell: Conjure Flame
  1537 | D:2      | Found a shadowy altar of Dithmenos.
  1760 | D:2      | Found a deep blue altar of Sif Muna.
  1824 | D:2      | Reached XP level 4. HP: 33/33 MP: 3/7
  1879 | D:2      | Found a faded altar of an unknown god.
  1944 | D:2      | Reached skill level 4 in Fire Magic
  1964 | D:2      | Learned a level 4 spell: Sticky Flame
  2204 | D:2      | Found a radiant altar of Vehumet.
  2215 | D:2      | Became a worshipper of Vehumet
  2239 | D:3      | Noticed Robin
  2655 | D:2      | Killed Robin
  2685 | D:3      | Found a transporter.
  2787 | D:3      | Found a glowing drain.
  2787 | D:3      | Reached XP level 5. HP: 27/38 MP: 7/9
  2809 | Sewer    | Entered a sewer
  3016 | Sewer    | Reached * piety under Vehumet
  3016 | Sewer    | Offered knowledge of Freeze by Vehumet.
  4527 | D:3      | Found a transporter.
  4749 | D:4      | Found an iron altar of Okawaru.
  4749 | D:4      | Found an ancient bone altar of Kikubaaqudgha.
  4779 | D:4      | Noticed Ijyb
  4788 | D:4      | Killed Ijyb
  4862 | D:4      | Noticed a slave
  4862 | D:4      | Noticed a slave
  4921 | D:4      | Killed a slave
  4990 | D:4      | Noticed Pikel
  4999 | D:4      | Noticed a slave
  5008 | D:4      | Killed Pikel
  5008 | D:4      | Reached skill level 5 in Conjurations
  5008 | D:4      | Reached skill level 5 in Fire Magic
  5008 | D:4      | Reached XP level 6. HP: 8/45 MP: 7/11
  5008 | D:4      | Your scales start taking on a pale cyan-grey colour.
  5008 | D:4      | Reached skill level 6 in Fire Magic
  5008 | D:4      | Reached XP level 7. HP: 9/50 MP: 7/12
  5366 | D:4      | Learned a level 5 spell: Fireball
  5928 | D:5      | Entered Level 5 of the Dungeon
  5928 | D:5      | Noticed Edmund
  5944 | D:5      | Killed Edmund
  5967 | D:5      | Found an iron altar of Okawaru.
  6056 | D:5      | Found a transporter.
  6067 | D:5      | Reached skill level 7 in Fire Magic
  6074 | D:5      | Found a transporter.
  6082 | D:5      | Noticed Sigmund
  6093 | D:5      | Killed Sigmund
  6093 | D:5      | Reached XP level 8. HP: 42/57 MP: 9/14
  6497 | D:5      | Offered knowledge of Sandblast by Vehumet.
  6504 | D:5      | Noticed Menkaure
  6513 | D:5      | Killed Menkaure
  6740 | D:5      | Noticed Eustachio
  6755 | D:5      | Killed Eustachio
  6755 | D:5      | Reached ** piety under Vehumet
  6755 | D:5      | Reached skill level 8 in Fire Magic
  6911 | D:5      | Found a hide-covered altar of Uskayaw.
  7516 | D:6      | Noticed Grinder
  7530 | D:6      | Paralysed by Grinder for 2 turns
  7535 | D:6      | Killed Grinder
  7535 | D:6      | Reached skill level 5 in Spellcasting
  7726 | D:6      | Reached XP level 9. HP: 62/62 MP: 11/16
  7777 | D:6      | Reached skill level 9 in Fire Magic
  7866 | D:6      | Found an opulent altar of Gozag.
  8110 | D:6      | Found a runed door.
  8164 | D:6      | Noticed Crazy Yiuf
  8168 | D:6      | Killed Crazy Yiuf
  8168 | D:6      | Offered knowledge of Static Discharge by Vehumet.
  8882 | D:7      | Reached *** piety under Vehumet
  8969 | D:7      | Found a stormy altar of Qazlal.
  9000 | D:7      | Found a staircase to the Ecumenical Temple.
  9430 | D:7      | Reached skill level 10 in Fire Magic
  9815 | D:8      | Noticed Grum
  9845 | D:7      | Killed Grum
  9845 | D:7      | Offered knowledge of Airstrike by Vehumet.
 10085 | D:8      | Reached XP level 10. HP: 69/69 MP: 9/19
 10212 | D:8      | Noticed a two-headed ogre
 10226 | D:8      | Killed a two-headed ogre
 10362 | D:8      | Noticed a two-headed ogre
 10371 | D:8      | Reached **** piety under Vehumet
 10374 | D:8      | Killed a two-headed ogre
 10374 | D:8      | Reached skill level 11 in Fire Magic
 10394 | D:8      | Reached skill level 10 in Conjurations
 10908 | D:9      | Found the +0 Maxwell's etheric cage {RegenMP+ *Contam rElec MP+4}
 10933 | D:9      | Offered knowledge of Force Lance by Vehumet.
 11331 | D:9      | Found a staircase to the Orcish Mines.
 11667 | D:9      | Found Fupt's Demolitions Depot.
 11811 | D:9      | Found a sacrificial altar of Ru.
 12066 | D:10     | Entered Level 10 of the Dungeon
 12601 | D:10     | Reached skill level 12 in Fire Magic
 12601 | D:10     | Reached XP level 11. HP: 71/74 MP: 18/21
 13397 | D:10     | Found a staircase to the Lair.
 13723 | D:11     | Noticed an unseen horror
 13728 | D:11     | Killed an unseen horror
 14052 | D:11     | Noticed Erolcha
 14065 | D:11     | Killed Erolcha
 14077 | D:11     | Noticed an unseen horror
 14080 | D:11     | Killed an unseen horror
 14282 | D:11     | Noticed a two-headed ogre
 14303 | D:11     | Killed a two-headed ogre
 14476 | D:11     | Reached ***** piety under Vehumet
 14478 | D:11     | Offered knowledge of Iskenderun's Mystic Blast by Vehumet.
 14492 | D:11     | Noticed a white ugly thing
 14502 | D:11     | Mangled by a white ugly thing

Vault maps used:
D:1:      dpeg_arrival_pits, bh_walls_and_bars
D:2:      overflow_temple_1_default, vehumet_crystals, marbit_many_paths,
          chequers_ecumenical_altar_grove
D:3:      gammafunk_wand_slinger, gup_sewer_entry_pipe, uniq_robin
D:4:      chequers_temple_overflow_statue_of_worship, uniq_pikel, uniq_ijyb
D:5:      gammafunk_steamed_eel, kennysheep_mini_moat, first_ration,
          okawaru_trees_1, uniq_menkaure, uniq_sigmund, uniq_edmund,
          uniq_eustachio
D:6:      nicolae_gozag_cash_rules_everything_around_me, uniq_grinder,
          uniq_crazy_yiuf_cottage
D:7:      overflow_temple_1_default, temple_pool_b
D:8:      uniq_grum
D:9:      nicolae_ru_the_path_less_chosen, hangedman_pestilent_swarm,
          nicolae_blasting_shop
D:10:     david_lair_generic
D:11:     serial_shops, shop, lemuel_another_geyser, uniq_erolcha
Sewer:    sewer_co_scattered_pipes

Skill      XL: |  1  2  3  4  5  6  7  8  9 10 11 |
---------------+----------------------------------+-----
Conjurations   | 2 3 5 7 9 10 11 | 11.7
Fire Magic     | 4 5 6 7 8 10 12 | 12.9
Spellcasting   | 3 4 5 6 7 8 |  8.0
Dodging        | |  1.7
Stealth        | |  1.7

Action                   |  1- 3 |  4- 6 |  7- 9 | 10-12 || total
-------------------------+-------+-------+-------+-------++-------
Melee: Dagger            |    28 |       |       |       ||    28
       Tailslap          |     3 |     7 |    13 |     7 ||    30
       Spear             |    14 |    52 |       |       ||    66
       Falchion          |       |    44 |   114 |     3 ||   161
       Trident           |       |       |     3 |   167 ||   170
 Cast: Flame Tongue      |    51 |    65 |   135 |   126 ||   377
       Conjure Flame     |       |     5 |     5 |    17 ||    27
       Sticky Flame      |       |     1 |    23 |    32 ||    56
       Fireball          |       |       |     6 |    17 ||    23
Evoke: Wand              |       |       |     3 |       ||     3
  Use: Scroll            |       |     4 |     6 |     1 ||    11
       Potion            |       |       |       |     3 ||     3
  Eat: Chunk             |     4 |    10 |    15 |    22 ||    51
       Ration            |       |       |     2 |       ||     2
Armor: Skin              |    12 |    37 |    70 |    70 ||   189
Dodge: Dodged            |    36 |    86 |   114 |    81 ||   317
       Rpst.: Falchion   |       |    16 |    27 |     1 ||    44

Table legend:
 A = Spawn XP
 B = Non-spawn XP
 C = Spawn XP percentage of total XP
 D = Spawn monster count
 E = Non-spawn monster count
 F = Spawn count percentage of total count
 G = Total turns spent on level
                    A         B        C        D         E        F      G
               +---------+---------+-------+---------+---------+-------+---------
         Total |       0 |   17488 |   0.0 |       0 |     296 |   0.0 | 14502
               +---------+---------+-------+---------+---------+-------+---------
           D:1 |       0 |      31 |   0.0 |       0 |      17 |   0.0 |   916
           D:2 |       0 |     147 |   0.0 |       0 |      43 |   0.0 |  1747
           D:3 |       0 |      46 |   0.0 |       0 |      20 |   0.0 |   963
           D:4 |       0 |     745 |   0.0 |       0 |       9 |   0.0 |  1179
           D:5 |       0 |    1050 |   0.0 |       0 |      15 |   0.0 |  1148
           D:6 |       0 |    1040 |   0.0 |       0 |      26 |   0.0 |  1634
           D:7 |       0 |    2252 |   0.0 |       0 |      35 |   0.0 |  1336
           D:8 |       0 |    2636 |   0.0 |       0 |      21 |   0.0 |   862
           D:9 |       0 |    2088 |   0.0 |       0 |      20 |   0.0 |  1158
          D:10 |       0 |    2297 |   0.0 |       0 |      38 |   0.0 |  1640
          D:11 |       0 |    5078 |   0.0 |       0 |      31 |   0.0 |   796
         Sewer |       0 |      78 |   0.0 |       0 |      21 |   0.0 |  1123
               +---------+---------+-------+---------+---------+-------+---------
